 Dungeon Crawl Stone Soup version 0.21-a0-329-g12f17e1 (webtiles) character file.

26434 nikopol the Cleaver (level 13, -2/84 HPs)
             Began as a Gargoyle Berserker on Sept 30, 2017.
             Was a High Priest of Trog.
             Engulfed by a cloud of freezing vapour (17 damage)
             ... in an ice cave on Oct 1, 2017.
             The game lasted 00:40:45 (14060 turns).

nikopol the Cleaver (Gargoyle Berserker)           Turns: 14060, Time: 00:40:46

Health: -2/84      AC: 26    Str: 21    XL:     13   Next: 26%
Magic:  13/13      EV: 16    Int:  9    God:    Trog [*****.]
Gold:   560        SH:  3    Dex: 13    Spells: 12/12 levels left

rFire    . . .     SeeInvis +   z - +1 shortbow
rCold    . . .     Gourm    .   (shield currently unavailable)
rNeg     + . .     Faith    .   b - +0 chain mail
rPois    ∞         Spirit   .   s - +2 hat {SInv}
rElec    +         Reflect  +   D - +2 cloak
rCorr    .         Harm     .   (no gloves)
MR       .....                  (no boots)
Stlth    ..........             C - +3 amulet of reflection
HPRegen  0.24/turn              B - +5 ring of evasion
MPRegen  0.13/turn              F - ring of flight

@: no status effects
A: negative energy resistance 1, electricity resistance, unbreathing,
petrification resistance, rot immunity, AC +9
a: Berserk, Trog's Hand, Brothers in Arms, Burn Spellbooks, Renounce Religion,
Evoke Flight


You were in an ice cave.
You worshipped Trog.
Trog was extremely pleased with you.
You were not hungry.

You visited 2 branches of the dungeon, and saw 12 of its levels.
You also visited: Ice Cave.

You collected 740 gold pieces.
You spent 180 gold pieces at shops.

Inventory:

Hand Weapons
 a - the +12 war axe "Hydraslayer" {chop, -Tele rN+ Int+3}
   (Trog gifted it to you on level 1 of the Lair of Beasts)

   It inflicts extra damage upon your enemies.
   It affects your intelligence (+3).
   It protects you from negative energy.
   It prevents most forms of teleportation.
 z - a +1 shortbow (weapon)
 O - a +5 battleaxe
Missiles
 w - 225 arrows (quivered)
Armour
 b - a +0 chain mail (worn)
 s - a +2 hat of see invisible (worn)
 D - a +2 cloak (worn)
Jewellery
 f - an uncursed ring of stealth
 B - a +5 ring of evasion (left hand)
 C - a +3 amulet of reflection (around neck)
 F - a ring of flight (right hand)
 L - an uncursed amulet of guardian spirit
 M - an uncursed amulet of the gourmand {unknown}
Wands
 x - a wand of lightning (6/15)
 y - a wand of digging (8/24)
 H - a wand of digging (14/24)
 I - a wand of polymorph (12/24)
 K - a wand of flame (28/48)
 P - a wand of iceblast (10/15)
 Q - a wand of random effects (24/48)
Scrolls
 d - 4 scrolls of identify
 g - 5 scrolls of recharging
 j - 2 scrolls of enchant weapon
 l - a scroll of fog
 p - 2 scrolls of teleportation
 q - 2 scrolls of enchant armour
 r - a scroll of fear
 u - a scroll of remove curse
 J - a scroll of magic mapping
Potions
 e - a potion of resistance
 i - 9 potions of curing
 m - a potion of cancellation
 n - 4 potions of agility
 o - a potion of mutation
 v - 2 potions of magic
 A - 4 potions of heal wounds
 E - a potion of brilliance
 N - a potion of might {unknown}
Comestibles
 c - 4 bread rations
 h - 8 chunks of flesh
 k - 10 meat rations
 t - 16 fruits
 G - 13 royal jellies


   Skills:
 + Level 10.9 Fighting
 + Level 12.9 Axes
 + Level 9.1 Bows
 + Level 10.0 Armour
 + Level 5.5 Dodging
 + Level 1.8 Stealth


You had 12 spell levels left.
You didn't know any spells.

Dungeon Overview and Level Annotations

Branches:
Dungeon (10/15)            Temple (0/1) D:4            Lair (2/6) D:8
  Swamp: Lair:2-4    Shoals: Lair:2-4     Snake: Lair:2-4    Spider: Lair:2-4
    Orc: D:9-12

Altars:
Dithmenos
Fedhas
Gozag
Hepliaklqana
Makhleb
Sif Muna
Trog
Zin
The Shining One

Shops:
D:6 (!?   D:10 *


Innate Abilities, Weirdness & Mutations

You are resistant to torment.
Your stone body is resilient. (AC +9)
You are immune to poison.
You resist negative energy. (rN+)
You are resistant to electric shocks. (rElec)
You can survive without breathing.
You are immune to petrification.
You are immune to rotting.


Message History

You enter the shallow water.
Moving in this stuff is going to be slow.
Some of the chunks of flesh in your inventory have rotted away.
You see here a yak skeleton.
You see here a potion of lignification.
You see here a potion of lignification.
There is a fountain of sparkling water here.
You are engulfed in freezing vapours.
You are engulfed in freezing vapours.
You are engulfed in freezing vapours.
You are engulfed in freezing vapours.
You enter the shallow water.
Moving in this stuff is going to be slow.
You are engulfed in freezing vapours.
You are engulfed in freezing vapours.
* * * LOW HITPOINT WARNING * * *
You are engulfed in freezing vapours.
* * * LOW HITPOINT WARNING * * *
You are engulfed in freezing vapours.
You die...

######## ######## ####
##......## ##......######≈.#
##...###÷.####.....##..##≈÷##.
#..⌠..###...#....######≈≈≈####
##...## ###....### #≈≈≈##
###..# #######.!##≈≈≈≈≈≈≈#
#..####.§####)#.##≈≈≈≈≈≈≈# #
###..#.##§§####≈≈≈≈≈≈≈≈≈≈###
###.#####@§####≈≈≈≈≈≈≈≈#.. ###
###§§§.#≈≈≈≈≈≈##..
##.###≈≈≈##..# # #≈≈≈####. ≈
## #. ##


There were no monsters in sight!

Vanquished Creatures
  Gastronok (Lair:2)
  The ghost of Hasart the Archer, a journeyman CeHu of Okawaru (IceCv)
  A hydra (Lair:2)
  Pikel (D:5)
  A manticore (D:10)
  An ugly thing (D:9)
  4 elephants (Lair:1)
  An ice statue (IceCv)
  3 black mambas
  3 spiny frogs
  2 komodo dragons
  2 ice devils (Lair:2)
  2 hornets (D:8)
  12 polar bears (IceCv)
  5 hippogriffs
  A meliai zombie (D:10)
  Sigmund (D:3)
  26 yaks
  4 basilisks
  Grum (Lair:1)
  A soldier ant (D:8)
  4 porcupines (Lair:1)
  4 water moccasins (Lair:2)
  7 orc warriors
  4 sky beasts
  6 ice beasts
  A slave (D:5)
  11 ogres
  A phantom (D:10)
  7 crocodiles
  4 centaurs
  21 wolves
  7 bullfrogs
  Blork the orc (D:5)
  A water moccasin zombie (D:5)
  4 scorpions
  9 killer bees (D:10)
  5 wights (D:8)
  6 howler monkeys
  3 crimson imps (D:6)
  A centaur zombie (D:8)
  6 orc priests
  5 orc wizards
  A bullfrog skeleton (D:5)
  A jelly (D:7)
  Crazy Yiuf (D:3)
  2 centaur skeletons
  6 hounds
  7 hell rats (Lair:1)
  8 worker ants
  2 killer bee zombies
  A hound skeleton (D:8)
  A worker ant zombie (D:9)
  6 gnolls
  10 adders
  13 river rats (Lair:1)
  3 shadow imps
  2 adder zombies
  2 adder skeletons
  5 leopard geckos
  33 orcs
  A bat (D:2)
  3 giant cockroaches
  A goblin (D:3)
  5 hobgoblins
  8 jackals
  6 kobolds
  9 quokkas
  2 frilled lizards
  A leopard gecko zombie (D:8)
  15 rats
  A fungus (Lair:1)
348 creatures vanquished.

Vanquished Creatures (others)
  A wolf (IceCv)
  An adder zombie (D:5)
  3 fungi
  A plant (Lair:1)
6 creatures vanquished.

Grand Total: 354 creatures vanquished

Notes
Turn   | Place    | Note
-------+----------+-------------------------------------------
     0 | D:1      | nikopol the Gargoyle Berserker began the quest for the Orb.
     0 | D:1      | Reached XP level 1. HP: 14/14 MP: 1/1
   112 | D:1      | Reached skill level 3 in Axes
   112 | D:1      | Reached XP level 2. HP: 19/19 MP: 2/2
   692 | D:2      | Found a glowing golden altar of the Shining One.
  1151 | D:3      | Reached XP level 3. HP: 17/24 MP: 3/3
  1158 | D:3      | Reached XP level 4. HP: 21/29 MP: 4/4
  1353 | D:3      | Noticed Sigmund
  1359 | D:3      | Killed Sigmund
  1359 | D:3      | Reached skill level 4 in Axes
  1359 | D:3      | Reached XP level 5. HP: 34/34 MP: 5/5
  1453 | D:3      | Found a runed door.
  1571 | D:3      | Reached XP level 6. HP: 36/39 MP: 6/6
  1590 | D:3      | Reached ** piety under Trog
  1989 | D:3      | Noticed Crazy Yiuf
  1997 | D:3      | Killed Crazy Yiuf
  2312 | D:4      | Found a staircase to the Ecumenical Temple.
  2409 | D:4      | Found a deep blue altar of Sif Muna.
  2704 | D:4      | Noticed an ice beast
  2722 | D:4      | Killed an ice beast
  2722 | D:4      | Reached skill level 5 in Axes
  2722 | D:4      | Reached XP level 7. HP: 28/44 MP: 7/7
  3265 | D:4      | Reached skill level 5 in Fighting
  3446 | D:5      | Entered Level 5 of the Dungeon
  3843 | D:5      | Found an opulent altar of Gozag.
  3914 | D:5      | Noticed Pikel
  3932 | D:5      | Killed Pikel
  3932 | D:5      | Reached skill level 6 in Axes
  3932 | D:5      | Reached skill level 5 in Armour
  3932 | D:5      | Reached XP level 8. HP: 50/50 MP: 8/8
  4171 | D:5      | Noticed Blork the orc
  4176 | D:5      | Killed Blork the orc
  5153 | D:6      | Reached skill level 7 in Axes
  5462 | D:6      | Found Raloma's Distillery.
  5462 | D:6      | Found Agenise's Antique Weapon Emporium.
  5488 | D:6      | Bought a potion of heal wounds for 75 gold pieces
  5488 | D:6      | Bought a potion of curing for 45 gold pieces
  5547 | D:6      | Reached XP level 9. HP: 46/55 MP: 9/9
  5878 | D:6      | Reached *** piety under Trog
  5961 | D:6      | Found Bana's Magic Scroll Shop.
  5969 | D:6      | Bought a scroll of magic mapping for 38 gold pieces
  5969 | D:6      | Bought a scroll of identify for 22 gold pieces
  6040 | D:6      | Reached skill level 8 in Axes
  6978 | D:8      | Reached XP level 10. HP: 32/63 MP: 10/10
  7158 | D:8      | Reached skill level 9 in Axes
  7647 | D:8      | Reached **** piety under Trog
  7799 | D:8      | Upgraded the game from 0.21-a0-321-g91e3373 to 0.21-a0-329-g12f17e1
  8039 | D:8      | Found a staircase to the Lair.
  8075 | D:8      | Reached skill level 10 in Axes
  8737 | D:9      | Found a shadowy altar of Dithmenos.
  8737 | D:9      | Found a glowing silver altar of Zin.
  8746 | D:9      | Reached skill level 1 in Bows
  8755 | D:9      | Found a blossoming altar of Fedhas.
  8757 | D:9      | Found an opulent altar of Gozag.
  8759 | D:9      | Found a bloodstained altar of Trog.
  8874 | D:9      | Found a hazy altar of Hepliaklqana.
  8878 | D:9      | Noticed a red ugly thing
  8884 | D:9      | Killed a red ugly thing
  8884 | D:9      | Reached skill level 1 in Stealth
  9060 | D:9      | Reached XP level 11. HP: 55/68 MP: 9/11
  9609 | D:10     | Entered Level 10 of the Dungeon
  9669 | D:10     | Reached ***** piety under Trog
  9716 | D:10     | Noticed a manticore
  9730 | D:10     | Killed a manticore
  9832 | D:10     | Reached skill level 5 in Dodging
 10032 | D:10     | Received a gift from Trog
 10088 | D:10     | Found a burning altar of Makhleb.
 10804 | D:10     | Found Ynipur's Assorted Antiques.
 11009 | D:10     | Reached skill level 5 in Bows
 11134 | Lair:1   | Entered Level 1 of the Lair of Beasts
 11514 | Lair:1   | Received a gift from Trog
 11520 | Lair:1   | Reached skill level 11 in Axes
 11530 | Lair:1   | Got a bloodstained war axe {god gift}
 11531 | Lair:1   | Identified the +12 war axe "Hydraslayer" {chop, -Tele rN+ Int+3} (Trog gifted it to you on level 1 of the Lair of Beasts)
 11718 | Lair:1   | Noticed Grum
 11723 | Lair:1   | Killed Grum
 11958 | Lair:1   | Reached XP level 12. HP: 40/76 MP: 6/12
 12849 | Lair:2   | Noticed Gastronok
 12854 | Lair:2   | Noticed a seven-headed hydra
 12862 | Lair:2   | Killed Gastronok
 12867 | Lair:2   | Killed a 12-headed hydra
 12874 | Lair:2   | Reached skill level 10 in Fighting
 12884 | Lair:2   | Reached skill level 12 in Axes
 13027 | Lair:2   | Found a frozen archway.
 13037 | IceCv    | Entered an ice cave
 13202 | IceCv    | Received a gift from Trog
 13636 | IceCv    | Reached XP level 13. HP: 82/83 MP: 13/13
 13734 | IceCv    | Noticed Hasart's ghost (journeyman CeHu)
 13747 | IceCv    | Killed Hasart's ghost
 13747 | IceCv    | Reached skill level 10 in Armour
 14060 | IceCv    | Engulfed by a cloud of freezing vapour

Vault maps used:
D:1:      dpeg_arrival_line_fractal
D:2:      overflow_temple_1_default
D:3:      uniq_sigmund, uniq_crazy_yiuf_cottage
D:4:      lemuel_crystal_altar, minmay_temple_entry_mist, first_bread,
          serial_park_tiny_pond, minmay_stone_trees_small
D:5:      minmay_misc_feat_four_crosses, lemuel_tele_altar, uniq_blork_the_orc,
          uniq_pikel
D:6:      serial_shops, shop, nicolae_shop_window_shopping, nicolae_shop_stone
D:8:      david_lair_generic, hangedman_pestilent_swarm, st_stairs_6
D:9:      marbit_many_paths, chequers_temple_overflow_minitemple
D:10:     serial_shops, shop, serial_column_ruins, column_ruins_temple_hut,
          column_ruins_hut, column_ruins_open_large, column_ruins_grid_1,
          column_ruins_open_tiny, minmay_joined_circles
Lair:1:   lemuel_ratsnest, uniq_grum
Lair:2:   portal_ice_cave_demonic_guard, patterned_corridor, uniq_gastronok
IceCv:    ice_cave_caverns_02

Skill      XL: |  1  2  3  4  5  6  7  8  9 10 11 12 13 |
---------------+----------------------------------------+-----
Axes           | 3 4 5 6 7 8 10 11 12 | 12.9
Dodging        | 2 3 4 5 |  5.5
Fighting       | 4 5 6 7 8 9 10 | 10.9
Armour         | 3 5 6 7 9 10 | 10.0
Bows           | 2 6 8 9 |  9.1
Stealth        | 1 |  1.8

Action                   |  1- 3 |  4- 6 |  7- 9 | 10-12 | 13-15 || total
-------------------------+-------+-------+-------+-------+-------++-------
Melee: Hand axe          |    61 |   115 |   365 |   485 |       ||  1026
       War axe           |       |       |       |   174 |    76 ||   250
 Fire: Shortbow          |       |       |       |   245 |     3 ||   248
Invok: Berserk           |     1 |     4 |     6 |     4 |     1 ||    16
       Burn Spellbooks   |       |       |       |     3 |       ||     3
  Use: Scroll            |       |       |     2 |    19 |       ||    21
 Stab: Sleeping          |       |       |       |     1 |       ||     1
  Eat: Chunk             |       |     9 |    18 |    23 |     2 ||    52
       Fruit             |       |       |     1 |     3 |       ||     4
       Royal jelly       |       |       |     1 |       |       ||     1
Armor: Animal skin       |    14 |       |       |       |       ||    14
       Scale mail        |    24 |    47 |   150 |   254 |       ||   475
       Skin              |       |       |       |     4 |       ||     4
       Chain mail        |       |       |       |    67 |    45 ||   112
Dodge: Dodged            |    33 |    69 |   164 |   372 |    53 ||   691
Block: Other             |       |       |       |    13 |     7 ||    20

Table legend:
 A = Spawn XP
 B = Non-spawn XP
 C = Spawn XP percentage of total XP
 D = Spawn monster count
 E = Non-spawn monster count
 F = Spawn count percentage of total count
 G = Total turns spent on level
                    A         B        C        D         E        F      G
               +---------+---------+-------+---------+---------+-------+---------
         Total |       0 |   37764 |   0.0 |       0 |     346 |   0.0 | 14060
               +---------+---------+-------+---------+---------+-------+---------
           D:1 |       0 |      17 |   0.0 |       0 |       9 |   0.0 |   561
           D:2 |       0 |      11 |   0.0 |       0 |       7 |   0.0 |   571
           D:3 |       0 |     349 |   0.0 |       0 |      19 |   0.0 |  1026
           D:4 |       0 |     387 |   0.0 |       0 |      11 |   0.0 |  1288
           D:5 |       0 |    1233 |   0.0 |       0 |      13 |   0.0 |  1646
           D:6 |       0 |    1715 |   0.0 |       0 |      27 |   0.0 |  1369
           D:7 |       0 |     521 |   0.0 |       0 |       9 |   0.0 |   365
           D:8 |       0 |    3873 |   0.0 |       0 |      46 |   0.0 |  2073
           D:9 |       0 |    1442 |   0.0 |       0 |      30 |   0.0 |   741
          D:10 |       0 |    4812 |   0.0 |       0 |      49 |   0.0 |  1494
        Lair:1 |       0 |    6661 |   0.0 |       0 |      61 |   0.0 |  1678
        Lair:2 |       0 |    7264 |   0.0 |       0 |      20 |   0.0 |   225
         IceCv |       0 |    9479 |   0.0 |       0 |      45 |   0.0 |  1023
               +---------+---------+-------+---------+---------+-------+---------
